 Dungeon Crawl Stone Soup version 0.28-a0-863-g8cecda6153 (webtiles) character file.

Game seed: 852595324817314607

1449 CannotBeFrozen the Slasher (level 8, -2/68 HPs)
             Began as a Demigod Gladiator on Nov 20, 2021.
             Slain by a wyvern zombie (11 damage)
             ... on level 6 of the Dungeon.
             The game lasted 00:19:07 (7129 turns).

CannotBeFrozen the Slasher (Demigod Gladiator)      Turns: 7129, Time: 00:19:08

Health: -2/68      AC:  8    Str: 19    XL:     8   Next: 22%
Magic:  10/10      EV: 11    Int: 20    God:
Gold:   206        SH:  3    Dex: 15    Spells: 7/7 levels left

rFire   . . .      SeeInvis .   a - +0 long sword
rCold   + . .      Faith    .   k - +0 buckler
rNeg    . . .      Spirit   .   g - +0 ring mail
rPois   .          Reflect  .   c - +1 helmet
rElec   .          Harm     .   r - +0 cloak
rCorr   .          Rampage  .   (no gloves)
Will    .....                   (no boots)
Stlth   +.........              i - amulet of the acrobat
HPRegen 0.21/turn               s - +6 ring of intelligence
MPRegen 0.12/turn               t - ring of protection from cold

@: no status effects
A: high mp 1, forlorn
a: no special abilities


You were on level 6 of the Dungeon.
You visited 1 branch of the dungeon, and saw 6 of its levels.
You also visited: Ossuary.

You collected 206 gold pieces.

Inventory:

Hand Weapons
 a - a +0 long sword (weapon)
 b - a +0 hunting sling
 w - a +2 dagger of venom
Missiles
 d - 2 throwing nets {=f =F}
 l - 125 stones
 m - 18 sling bullets
 u - 76 arrows
 z - 6 javelins (quivered)
Armour
 c - a +1 helmet (worn)
 g - a +0 ring mail (worn)
 k - a +0 buckler (worn)
 r - a +0 cloak (worn)
Magical Staves
 A - a staff of air
Jewellery
 i - an amulet of the acrobat (around neck)
 s - a +6 ring of intelligence (left hand)
 t - a ring of protection from cold (right hand)
Scrolls
 f - 2 scrolls of blinking
 q - a scroll of enchant armour
Potions
 n - 2 potions of curing {@q1}
 o - 2 potions of brilliance
 p - a potion of magic
 v - a potion of flight
 B - a potion of might


   Skills:
 + Level 5.2 Fighting
 * Level 7.6 Long Blades
 - Level 4.4 Throwing
 - Level 2.6 Dodging
 - Level 1.0 Stealth


You had 7 spell levels left.
You didn't know any spells.
Your spell library contained the following spells:

 Spells                   Type           Power      Damage    Failure   Level
 Animate Dead             Necr           0%         N/A       99%         4
 Borgnjor's Vile Clutch   Necr/Erth      0%         N/A       100%        5
 Death Channel            Necr           0%         N/A       100%        6


Dungeon Overview and Level Annotations

Branches:
Dungeon (6/15)             Temple (0/1) D:5         Ossuary (visited)

Shops:
D:5 =

Annotations:
D:3 black bear!


Innate Abilities, Weirdness & Mutations

Your attributes grow dramatically as you level up.
You have an increased reservoir of magic. (+10% MP)
You shall have no god before yourself.


Message History

The wyvern zombie bites you but does no damage.
The orc priest hits you with a +0 hand axe.
HP: 59/68 (-3) ==========-- Your +2 dagger of venom stops dripping with poison.
a - a +0 long sword (weapon)
The wyvern zombie bites you!
HP: 50/68 (-9) ========---- !
You hit the wyvern zombie but do no damage.
The wyvern zombie is heavily damaged.
The wyvern zombie bites you but does no damage.
The orc priest hits you but does no damage.
You barely miss the orc priest.
The orc priest is heavily wounded.
The wyvern zombie bites you!
The orc priest hits you but does no damage.
The wyvern zombie misses you.
HP: 39/68 (-11) ======------ !
You closely miss the orc priest.
The orc priest is severely wounded.
The orc priest invokes the aid of Beogh against you.
You struggle to resist.
The wyvern zombie closely misses you.
You hit the orc priest.
The orc priest is almost dead.
The wyvern zombie bites you!
* * * LOW HITPOINT WARNING * * *
The orc priest hits you but does no damage.
The wyvern zombie bites you!
* * * LOW HITPOINT WARNING * * *
HP: 22/68 (-17) ===--------- !!
You hit the orc priest but do no damage.
The orc priest is almost dead.
The orc priest mumbles some strange prayers to Beogh against you.
Beogh smites you!
* * * LOW HITPOINT WARNING * * *
The wyvern zombie barely misses you. The orc priest barely misses you.
HP: 9/68 (-13) =----------- !
You hit the orc priest but do no damage.
The orc priest is almost dead.
The wyvern zombie bites you!
You die...

.......o #.#
#...... ##..##
#.....
#.....###...(
#...... ....# #
...... ...# !.
......###o## ..
#.....@Z#.#
##.........#
#...[[.....##.
#....<........
#..............
#........#....#.
##.......#.....#
##...(.........
#.............


You could see an orc priest (very poisoned) and a wyvern zombie.

Vanquished Creatures
  2 black bears (D:5)
  A sky beast (D:6)
  An ogre (D:4)
  2 centaurs
  An elf zombie (Ossuary)
  A scorpion (D:4)
  A water moccasin skeleton (D:5)
  A howler monkey (D:5)
  2 centaur zombies (Ossuary)
  3 human zombies (Ossuary)
  A jelly (D:4)
  2 hounds
  An iguana (D:4)
  Natasha (thrice) (D:4)
  4 orc wizards
  2 scorpion zombies (D:5)
  A hound skeleton (D:5)
  2 mummies (Ossuary)
  6 adders
  A shadow imp (D:5)
  3 adder zombies (Ossuary)
  A worm (D:3)
  2 dart slugs
  6 orcs
  7 bats
  7 endoplasms
  7 giant cockroaches
  3 goblins (D:1)
  6 hobgoblins
  2 jackals (D:2)
  5 quokkas
  4 ball pythons
  9 hobgoblin zombies (Ossuary)
  A jackal zombie (Ossuary)
  7 kobolds
  10 kobold zombies (Ossuary)
  7 orc zombies (Ossuary)
  3 rats
  A rat zombie (Ossuary)
129 creatures vanquished.

Notes
Turn   | Place    | Note
-------+----------+-------------------------------------------
     0 | D:1      | CannotBeFrozen the Demigod Gladiator began the quest for
                  | the Orb.
     0 | D:1      | Reached XP level 1. HP: 17/17 MP: 3/3
   243 | D:1      | Reached skill level 3 in Long Blades
   312 | D:1      | Reached XP level 2. HP: 22/24 MP: 4/4
   720 | D:1      | Reached XP level 3. HP: 27/29 MP: 5/5
  1764 | D:3      | Reached skill level 1 in Stealth
  1836 | D:3      | Reached XP level 4. HP: 37/37 MP: 6/6
  2537 | D:4      | Reached skill level 4 in Long Blades
  2780 | D:4      | Reached XP level 5. HP: 44/44 MP: 7/7
  2955 | D:4      | Noticed a black bear
  3674 | D:4      | Noticed Natasha
  3674 | D:4      | Noticed an ogre
  3711 | D:4      | Killed Natasha
  3956 | D:4      | Killed an ogre
  3957 | D:4      | Reached XP level 6. HP: 51/51 MP: 8/8
  4040 | D:4      | Reached skill level 5 in Long Blades
  4554 | D:4      | Noticed Natasha
  4559 | D:4      | Killed Natasha
  4599 | D:4      | Noticed Natasha
  4606 | D:4      | Killed Natasha
  4797 | D:5      | Entered Level 5 of the Dungeon
  4799 | D:5      | Found a staircase to the Ecumenical Temple.
  4853 | D:5      | Found a sand-covered staircase.
  4857 | Ossuary  | Entered an ossuary
  5040 | Ossuary  | Reached XP level 7. HP: 34/58 MP: 9/9
  5221 | Ossuary  | Reached skill level 6 in Long Blades
  6075 | D:5      | Found Deecizuttu's Jewellery Emporium.
  6327 | D:5      | Reached skill level 7 in Long Blades
  6327 | D:5      | Reached XP level 8. HP: 42/67 MP: 10/10
  6981 | D:6      | Reached skill level 5 in Fighting
  7129 | D:6      | Slain by a wyvern zombie

Illustrated notes

Levels and vault maps discovered:
D:1:      elethiomel_arrival_quiet, layout_rooms,
          shapermc_ecumenical_altar_mp_ritualfount
D:2:      layout_basic, grunt_ministairs_9
D:3:      layout_basic, mainiacjoe_overflow_concentric_impassable,
          chequers_serial_rivers_micro_c
D:4:      layout_basic, chequers_serial_rivers_micro_a, uniq_natasha
D:5:      layout_basic, mainiacjoe_overflow_two_lobes, kiku_gazebo_pond_becter,
          minmay_temple_entry_large_hall, serial_shops, shop,
          lightli_ossuary_entry_decrepit_ruins, amethyst_killhole,
          chequers_decorated_corner, st_stairs_5, hangedman_decor_lopped
D:6:      layout_cave_pools

Skill      XL: |  1  2  3  4  5  6  7  8 |
---------------+-------------------------+-----
Fighting       | 2 3 4 5 |  5.2
Long Blades    | 3 4 5 7 |  7.6
Throwing       | 2 3 4 |  4.4
Stealth        | 1 |  1.0
Dodging        | |  2.6

Action                   |  1- 3 |  4- 6 |  7- 9 || total
-------------------------+-------+-------+-------++-------
Melee: Long sword        |   132 |   156 |   121 ||   409
       Dagger            |       |       |    22 ||    22
 Fire: Hunting sling     |    13 |    57 |    70 ||   140
Throw: Stone             |     3 |       |       ||     3
       Throwing net      |       |     1 |       ||     1
  Use: Scroll            |       |     8 |     7 ||    15
 Stab: Held in net/web   |       |     1 |       ||     1
Armor: Ring mail         |    62 |    89 |    93 ||   244
       Leather armour    |     1 |       |       ||     1
Dodge: Dodged            |   115 |   139 |   128 ||   382
Block: Buckler           |    30 |    36 |    23 ||    89

Table legend: (Time is in decaauts)
 A = Elapsed time spent in this place.
 B = Non-inter-level travel time spent in this place.
 C = Inter-level travel time spent in this place.
 D = Time resting spent in this place.
 E = Time spent auto-exploring this place.
 F = Levels seen in this place.
 G = Mean time per level.
                   A        B        C        D        E       F      G
               +--------+--------+--------+--------+--------+-----+--------+
         Total |   7228 |   7071 |    157 |   1446 |   3545 |   7 | 1032.6 |
       Dungeon |   6426 |   6269 |    157 |   1446 |   3203 |   6 | 1071.0 |
       Ossuary |    801 |    801 |      0 |      0 |    342 |   1 |  801.0 |
               +--------+--------+--------+--------+--------+-----+--------+

Top non-repeatable levels by time:
     D:4: 1891 daAuts
     D:5: 1504 daAuts
     D:3: 1320 daAuts
     D:2: 919 daAuts
 Ossuary: 801 daAuts
     D:1: 734 daAuts
     D:6: 56 daAuts
